 Dungeon Crawl Stone Soup version 0.32-a0-933-ga8fa3634e4 (webtiles) character file.

Game seed: 7330075901067470962

24 Sabo the Covered (level 2, 0/23 HPs)
             Began as a Minotaur Artificer on Apr 14, 2024.
             Succumbed to an adder's poison
             ... on level 2 of the Dungeon.
             The game lasted 00:04:09 (1172 turns).

Sabo the Covered (Minotaur Artificer)               Turns: 1172, Time: 00:04:10

Health: 0/23       AC:  3    Str: 16    XL:     2   Next: 79%
Magic:  1/1        EV: 10    Int:  8    God:
Gold:   75         SH:  0    Dex: 10    Spells: 1/1 levels left

rFire   . . .        i - +0 short sword
rCold   . . .        (no shield)
rNeg    . . .        b - +0 leather armour
rPois   .            (helmet restricted)
rElec   .            (no cloak)
rCorr   .            (no gloves)
SInv    .            (no boots)
Will    .....        (no amulet)
Stlth   +            (no ring)
HPRegen 0.23/turn    (no ring)
MPRegen 0.07/turn

%: no passive effects
@: lethally poisoned (0 -> -10), hasted, very quick
A: horns 2, retaliatory headbutt
a: no special abilities


You were on level 2 of the Dungeon.
You visited 1 branch of the dungeon, and saw 2 of its levels.

You collected 75 gold pieces.

Inventory:

Hand Weapons
 i - a +0 short sword (weapon)
Armour
 b - a +0 leather armour (worn)
Wands
 c - a wand of flame (15) (quivered)
 d - a wand of charming (15)
 e - a wand of iceblast (5)
Scrolls
 h - a scroll of fear {unknown}
Potions
 a - a potion of degeneration {unknown}
 g - a potion of haste


   Skills:
 + Level 1.2 Fighting
 + Level 0.2 Short Blades
 + Level 3.3 Armour
 + Level 1.1 Dodging
 + Level 0.7 Stealth
 + Level 3.2 Evocations


You had one spell level left.
You didn't know any spells.
Your spell library contained the following spells:

 Spells                   Type           Power      Damage    Failure   Level
 Kiss of Death            Conj/Necr      0%         2d5       45%         1
 Confusing Touch          Hex            0%         N/A       83%         3
 Dispel Undead            Necr           0%         3d6       99%         4


Dungeon Overview and Level Annotations

Branches:
Dungeon (2/15)

Altars:


Innate Abilities, Weirdness & Mutations

You have a pair of horns on your head.
You reflexively headbutt those who attack you in melee.


Message History

You miss the adder. The adder bites you.
The adder bites you but does no damage.
You closely miss the adder. The adder misses you.
You barely miss the adder. Your headbutt misses the adder.
The adder misses you.
You closely miss the adder. The adder bites you.
You are poisoned.
The adder poisons you!
You miss the adder.
You feel sick. The adder barely misses you. The adder closely misses you.
You furiously retaliate!
You headbutt the adder. You miss the adder.
The adder is moderately wounded.
You feel sick. The adder bites you.
You are more poisoned.
The adder poisons you!
You barely miss the adder.
The adder is moderately wounded.
You feel sick. The adder barely misses you.
You hit the adder but do no damage.
The adder is moderately wounded.
You feel sick. The adder misses you. The adder bites you.
You are more poisoned.
The adder poisons you!
You hit the adder.
The adder is moderately wounded.
You feel very sick. The adder closely misses you.
You hit the adder but do no damage. Your headbutt misses the adder.
The adder is moderately wounded.
You feel sick. The adder bites you.
* * * LOW HITPOINT WARNING * * *
You barely miss the adder.
The adder is moderately wounded.
* * * LOW HITPOINT WARNING * * *
You feel sick. The adder bites you.
* * * LOW HITPOINT WARNING * * *
You are more poisoned.
The adder poisons you!
It was a potion of haste.
You feel yourself speed up.
You die...

#.#.#.............
#########.....>##.##.#.##.
............††.##.# .#
##..####......>.#.# ..
##.......#.# ##
#.........# ###.###.###
### #.# #@# #S# .r. ##.##
#.# #.# ... #.#


You could see an adder and a rat.

Vanquished Creatures
  A ribbon worm (D:2)
  3 ball pythons
  3 bats (D:1)
  2 endoplasms
  2 goblins
  3 hobgoblins
  A quokka (D:2)
  2 frilled lizards (D:1)
  A kobold (D:1)
  2 rats (D:1)
20 creatures vanquished.

Notes
Turn   | Place    | Note
-------+----------+-------------------------------------------
     0 | D:1      | Sabo the Minotaur Artificer began the quest for the Orb.
     0 | D:1      | Reached XP level 1. HP: 16/16 MP: 0/0
   671 | D:1      | Reached XP level 2. HP: 20/23 MP: 1/1
  1172 | D:2      | Succumbed to an adder's poison

Illustrated notes

Levels and vault maps discovered:
D:1:      mainiacjoe_arrival_oval_in_oval, layout_basic
D:2:      minmay_razor_zed, layout_loops_cross

Skill      XL: |  1  2 |
---------------+-------+-----
Evocations     | 3 |  3.2
Armour         | 3 |  3.3
Fighting       | |  1.2
Short Blades   | |  0.2
Dodging        | |  1.1
Stealth        | |  0.7

Action                     || total
---------------------------++-------
  Melee: Club              ||    13
         Short sword       ||    54
         Headbutt          ||     5
    Use: Scroll            ||     1
         Potion            ||     1
 Armour: Leather armour    ||    51
  Dodge: Dodged            ||    44

Table legend: (Time is in decaauts)
 A = Elapsed time spent in this place.
 B = Non-inter-level travel time spent in this place.
 C = Inter-level travel time spent in this place.
 D = Time resting spent in this place.
 E = Time spent auto-exploring this place.
 F = Levels seen in this place.
 G = Mean time per level.
                   A        B        C        D        E       F      G
               +--------+--------+--------+--------+--------+-----+--------+
         Total |   1174 |   1174 |      0 |    250 |      0 |   2 |  587.0 |
       Dungeon |   1174 |   1174 |      0 |    250 |      0 |   2 |  587.0 |
               +--------+--------+--------+--------+--------+-----+--------+

Top non-repeatable levels by time:
     D:1: 917 daAuts
     D:2: 257 daAuts
